 Dungeon Crawl Stone Soup version 0.23.0 (webtiles) character file.

Game seed: 3210542031256690158

196318 ernesto the Warrior (level 18, -5/173 HPs)
             Began as a Hill Orc Fighter on Feb 10, 2019.
             Was the Champion of Makhleb.
             Killed from afar by a servant of whispers (26 damage)
             ... with a bolt of lightning
             ... in the Desolation of Salt on Feb 11, 2019.
             The game lasted 04:49:21 (39251 turns).

ernesto the Warrior (Hill Orc Fighter)             Turns: 39251, Time: 04:49:21

Health: -5/173     AC: 29    Str: 29    XL:     18   Next: 37%
Magic:  27/27      EV:  9    Int: 14    God:    Makhleb [******]
Gold:   1208       SH: 20    Dex: 13    Spells: 17/17 levels left

rFire    . . .     SeeInvis .   d - +4 broad axe (freeze)
rCold    + . .     Gourm    .   p - +0 shield of Wipto {rPois MR+ Str+2 Stlth+}
rNeg     . . .     Faith    .   S - +4 chain mail of Omission {+Inv Regen+ Dex+3}
rPois    +         Spirit   .   e - +2 helmet {Int+3}
rElec    .         Reflect  +   X - +0 cloak
rCorr    +         Harm     .   E - +0 pair of gloves
MR       +++..                  G - +2 pair of boots {run}
Stlth    ..........             q - +6 amulet of reflection
HPRegen  0.78/turn              T - ring of protection from magic
MPRegen  0.20/turn              h - ring of Fikkeuhi {rCorr *Contam rPois rC+ Int+3}

@: lightly drained, quick
A: no striking features
}: 1/15 runes: decaying
a: Minor Destruction, Lesser Servant of Makhleb, Major Destruction, Greater
Servant of Makhleb, Renounce Religion, Evoke Invisibility


You were in the Desolation of Salt.
You worshipped Makhleb.
Makhleb was exalted by your worship.
You were not hungry.

You visited 6 branches of the dungeon, and saw 30 of its levels.
You also visited: Ossuary, Gauntlet, Ice Cave and Desolation.

You collected 2819 gold pieces.
You spent 1611 gold pieces at shops.

Inventory:

Hand Weapons
 b - a +3 morningstar of flaming
 d - a +4 broad axe of freezing (weapon)
 A - a +1 broad axe of venom
 F - a +3 sacred scourge of holy wrath
 H - a +1 battleaxe of chopping
 O - a +0 eveningstar of holy wrath
Armour
 e - a +2 helmet of intelligence (worn)
 p - the +0 shield of Wipto (worn) {rPois MR+ Str+2 Stlth+}
   (You took it off a minotaur in a Gauntlet)

   It affects your strength (+2).
   It protects you from poison.
   It affects your resistance to hostile enchantments.
   It makes you more stealthy.
 E - a +0 pair of gloves (worn)
 G - a +2 pair of boots of running (worn)
 S - the +4 chain mail of Omission (worn) {+Inv Regen+ Dex+3}
   (You took it off an orc priest on level 9 of the Dungeon)

   It affects your dexterity (+3).
   It lets you turn invisible.
   It increases your rate of regeneration.
 X - a +0 cloak (worn)
Jewellery
 g - an uncursed ring of protection from fire
 h - the ring of Fikkeuhi (right hand) {rCorr *Contam rPois rC+ Int+3}
   (You took it off a minotaur in a Gauntlet)

   [ring of resist corrosion]

   It affects your intelligence (+3).
   It protects you from cold.
   It protects you from poison.
   It causes magical contamination when unequipped.
 k - an uncursed ring of positive energy
 q - a +6 amulet of reflection (around neck)
 I - the cursed ring of Ymi Notu {rC+ Str-3}
   (You took it off a ragged hierophant in the Desolation of Salt)

   [ring of strength]

   It affects your strength (-3).
   It protects you from cold.
   It has a curse placed upon it.
 Q - the ring "Cacrozug" {rN+ Dex+6}
   (You found it in the Desolation of Salt)

   [ring of positive energy]

   It affects your dexterity (+6).
   It protects you from negative energy.
 T - a ring of protection from magic (left hand)
 V - the amulet "Ofyag" {Gourm rPois rF+ Str+2 Int+4}
   (You found it on level 2 of the Swamp)

   [amulet of the gourmand]

   It allows you to eat raw meat even when not hungry.
   It affects your strength (+2).
   It affects your intelligence (+4).
   It protects you from fire.
   It protects you from poison.
Wands
 c - a wand of iceblast (10)
 j - a wand of flame (33)
 M - a wand of disintegration (24)
 N - a wand of scattershot (4)
 U - a wand of digging (4)
Scrolls
 i - 5 scrolls of fog
 m - 6 scrolls of blinking
 o - 5 scrolls of magic mapping
 r - 16 scrolls of teleportation
 v - a scroll of holy word
 x - a scroll of silence
 y - 21 scrolls of remove curse
 L - 2 scrolls of fear
 R - 4 scrolls of enchant weapon
 W - 6 scrolls of identify
Potions
 a - 2 potions of brilliance
 l - 9 potions of heal wounds
 n - 13 potions of curing
 s - 5 potions of agility
 t - 3 potions of ambrosia
 u - 2 potions of invisibility
 w - 6 potions of cancellation
 z - 3 potions of berserk rage
 B - 8 potions of haste
 C - 5 potions of flight
 D - 8 potions of lignification
 J - 2 potions of might
 K - 3 potions of resistance
Comestibles
 f - 48 rations
 P - 4 chunks of flesh


   Skills:
 + Level 18.6(18.0) Fighting
 - Level 14.7(16.0) Axes
 - Level 11.2(13.0) Maces & Flails
 + Level 17.1(16.6) Armour
 - Level 15.0(14.5) Shields
 - Level 13.2(12.7) Invocations
 - Level 2.1(1.7) Evocations


You had 17 spell levels left.
You didn't know any spells.
Your spell library contained the following spells:

 Spells                   Type           Power        Failure   Level  Hunger
 Animate Skeleton         Necr           N/A          67%         1    ##.....
 Apportation              Tloc           #.....       67%         1    ##.....
 Beastly Appendage        Tmut           #.....       67%         1    ##.....
 Corona                   Hex            #......      67%         1    ##.....
 Freeze                   Ice            #...         67%         1    ##.....
 Magic Dart               Conj           #...         67%         1    ##.....
 Pain                     Necr           #...         67%         1    ##.....
 Summon Butterflies       Summ           #.......     67%         1    ##.....
 Blink                    Tloc           N/A          82%         2    ###....
 Call Imp                 Summ           #.......     82%         2    ###....
 Corpse Rot               Necr           N/A          82%         2    ###....
 Passwall                 Tmut/Erth      #.......     82%         2    ###....
 Slow                     Hex            #.......     82%         2    ###....
 Sticks to Snakes         Tmut           #.......     82%         2    ###....
 Sublimation of Blood     Necr           #.........   82%         2    ###....
 Swiftness                Chrm/Air       #.......     82%         2    ###....
 Throw Frost              Conj/Ice       #.....       82%         2    ###....
 Call Canine Familiar     Summ           #.......     96%         3    ####...
 Conjure Flame            Conj/Fire      #.......     96%         3    ####...
 Gell's Gravitas          Tloc           #.........   96%         3    ####...
 Inner Flame              Hex/Fire       #.......     96%         3    ####...
 Mephitic Cloud           Conj/Pois/Air  #.......     96%         3    ####...
 Ozocubu's Armour         Chrm/Ice       #.......     96%         3    ####...
 Portal Projectile        Hex/Tloc       #.....       96%         3    ####...
 Regeneration             Chrm/Necr      #.........   96%         3    ####...
 Spider Form              Tmut/Pois      #.........   96%         3    ####...
 Vampiric Draining        Necr           #.........   96%         3    ####...
 Animate Dead             Necr           N/A          100%        4    #####..
 Cause Fear               Hex            #.........   100%        4    #####..
 Force Lance              Conj/Tloc      #.......     100%        4    #####..
 Ice Form                 Ice/Tmut       #.......     100%        4    #####..
 Leda's Liquefaction      Hex/Erth       #.........   100%        4    #####..
 Passage of Golubria      Tloc           N/A          100%        4    #####..
 Summon Ice Beast         Ice/Summ       #.......     100%        4    #####..
 Throw Icicle             Conj/Ice       #.......     100%        4    #####..
 Agony                    Necr           #.......     100%        5    ######.
 Blade Hands              Tmut           #.........   100%        5    ######.
 Bolt of Draining         Conj/Necr      #.........   100%        5    ######.
 Bolt of Magma            Conj/Fire/Erth #.........   100%        5    ######.
 Dispel Undead            Necr           #.......     100%        5    ######.
 Excruciating Wounds      Chrm/Necr      #.........   100%        5    ######.
 Lee's Rapid Deconstruct  Erth           #.........   100%        5    ######.
 Summon Mana Viper        Hex/Summ       #.......     100%        5    ######.
 Darkness                 Hex            #.........   100%        6    #######
 Death Channel            Necr           #.........   100%        6    #######
 Dispersal                Tloc           #.........   100%        6    #######
 Invisibility             Hex            #.......     100%        6    #######
 Iron Shot                Conj/Erth      #.........   100%        6    #######
 Statue Form              Tmut/Erth      #........    100%        6    #######
 Summon Hydra             Summ           #.........   100%        7    #######
 Controlled Blink         Tloc           N/A          100%        8    #######
 Disjunction              Tloc           #.........   100%        8    #######
 Shatter                  Erth           #.........   100%        9    #######


Dungeon Overview and Level Annotations

Branches:
Dungeon (15/15)            Temple (1/1) D:5            Lair (6/6) D:11
  Swamp (4/4) Lair:4        Snake (0/4) Lair:3        Slime (0/5) Lair:6
    Orc (2/2) D:10            Elf (2/3) Orc:2        Vaults (0/5) D:13
 Depths (0/5) D:15

Altars:
Ashenzari
Cheibriados
Dithmenos
Elyvilon
Fedhas
Gozag
Hepliaklqana
Kikubaaqudgha
Makhleb
Nemelex Xobeh
Okawaru
Qazlal
Ru
Sif Muna
Trog
Uskayaw
Vehumet
Wu Jian
Xom
Yredelemnul
Zin
The Shining One

Shops:
D:11 [=%=   Orc:2 }%[(   Elf:1 [   Elf:2 ?

Annotations:
Swamp:1 1 runed translucent door, P0WERM0DE's ghost, journeyman DDFi


Message History

The servant of whispers is severely wounded.
You block the servant of whispers's attack.
You closely miss the servant of whispers.
The servant of whispers is severely wounded.
The servant of whispers hits you but does no damage.
You hit the servant of whispers. You freeze the servant of whispers.
The servant of whispers is severely wounded.
The servant of whispers invokes the aid of its god against you.
The bolt of lightning hits you!!! The bolt of lightning hits you!!
* * * LOW HITPOINT WARNING * * *
Press: ? - help, Shift-Dir - straight line The orb of electricity explodes!
The orb of electricity engulfs the servant of whispers!
The servant of whispers is almost dead.
The orb of electricity engulfs you!
* * * LOW HITPOINT WARNING * * *
You hear a shout! x7
The servant of whispers invokes the aid of its god against you.
The bolt of lightning misses you. The bolt of lightning hits you!!
You die...

....#.................##
.....................#..
....................#.#[
.......................##
..........#.........#.)..
...........##.......#....
....................#....
..................).#..p.
........@...........8#8##
.......p.............#.#.
........∩...........88##)
...#...................##
. #................L....
#.............#.......
..................p8...
........................
........................


You could see a servant of whispers.

Vanquished Creatures
  Jorgrun (Swamp:1)
  Agnes (Elf:1)
  Frances (Swamp:1)
  5 thorn hunters
  An imperial myrmidon (Desolation)
  A fire giant (D:15)
  Louise (Swamp:1)
  An angel (Elf:2)
  2 very ugly things (IceCv)
  Azrael (Elf:1)
  A minotaur (Gauntlet)
  A halazid warlock (Desolation)
  A deep elf death mage (Elf:1)
  A death ooze (Gauntlet)
  Josephine (D:10)
  2 servants of whispers (Desolation)
  A peacekeeper (Desolation)
  2 shambling mangroves
  20 hydras
  A ghost crab (Swamp:4)
  2 centaur warriors
  8 two-headed ogres
  A death knight (D:11)
  5 death yaks
  10 alligators
  An ogre mage (D:13)
  2 dancing weapons (Elf:1)
  4 deep elf knights (Elf:1)
  A fire crab (Lair:6)
  3 spriggan druids
  An unseen horror (D:15)
  11 swamp dragons
  2 large abominations (Elf:1)
  3 lindwurms
  A necromancer (Elf:1)
  An ironbrand convoker (Desolation)
  2 orc sorcerers
  4 orc knights
  4 deep elf archers (Elf:1)
  A wolf spider zombie (D:13)
  4 oklob plants (Lair:3)
  10 deep elf magi
  3 cyclopes
  14 ugly things
  A manticore (D:15)
  Maurice (D:9)
  2 guardian serpents (Desolation)
  3 ice statues (IceCv)
  4 black mambas
  24 spiny frogs
  3 gargoyles
  2 minotaur zombies (Gauntlet)
  2 rime drakes
  A freezing wraith (D:13)
  3 yaktaurs (D:15)
  An anaconda simulacrum (IceCv)
  2 kobold demonologists (D:15)
  7 komodo dragons
  6 trolls
  A wolf spider simulacrum (Gauntlet)
  16 tyrant leeches
  A polar bear (Lair:2)
  3 tengu conjurers
  12 saltlings (Desolation)
  7 bog bodies
  4 dream sheep (Lair:5)
  6 hippogriffs
  4 hornets
  A meliai zombie (D:15)
  15 blink frogs
  24 slime creatures
  4 water elementals (Elf:1)
  4 dire elephant simulacra (IceCv)
  8 spriggans (D:9)
  A tarantella (shapeshifter) (D:15)
  3 vampires
  A shadow (D:14)
  A wyvern (shapeshifter) (D:9)
  An air elemental (Elf:1)
  A centaur simulacrum (Gauntlet)
  4 fire elementals (Elf:1)
  8 wraiths
  32 yaks
  2 hungry ghosts
  A basilisk (Lair:6)
  15 vampire mosquitoes
  Menkaure (D:7)
  5 wargs
  3 insubstantial wisps (Swamp:3)
  2 harpy simulacra (IceCv)
  5 nagas (Lair:3)
  14 swamp worms
  2 soldier ants
  2 hydra simulacra
  2 hell hounds (Elf:1)
  16 water moccasins
  41 orc warriors
  4 porcupines
  A hornet zombie (D:14)
  13 swamp drakes
  9 ice beasts
  2 black bears
  A meliai simulacrum (Gauntlet)
  3 phantoms
  2 sky beasts
  An eye of draining (D:15)
  17 wolves
  15 ogres
  A necrophage (D:8)
  21 centaurs
  9 crocodiles
  7 big kobolds
  4 elf zombies (Elf:1)
  Blork the orc (D:6)
  30 bullfrogs
  An earth elemental (Elf:1)
  A wyvern skeleton (D:13)
  A water moccasin zombie (D:5)
  2 scorpions (D:9)
  7 killer bees
  11 wights
  6 howler monkeys
  3 electric eels
  12 crimson imps
  3 centaur zombies
  A quasit (D:9)
  A bullfrog zombie (D:11)
  7 hounds
  2 bullfrog skeletons
  10 jellies
  13 orc priests
  3 centaur skeletons
  3 iguanas
  25 orc wizards
  9 worker ants
  6 hell rats
  3 killer bee zombies
  A hound zombie (D:5)
  2 hound skeletons
  3 mummies (Ossuary)
  A worker ant zombie (D:7)
  16 adders
  6 gnolls
  2 howler monkey skeletons
  3 shadow imps
  An ooze (D:5)
  An adder zombie (D:8)
  3 adder skeletons
  A dart slug (D:1)
  7 leopard geckos
  101 orcs
  2 ball pythons
  14 bats
  4 bat skeletons (D:8)
  2 bat zombies (D:8)
  7 giant cockroaches
  2 gnoll zombies (Ossuary)
  7 goblins
  5 hobgoblins
  5 jackals
  3 quokkas
  6 frilled lizards
  A goblin zombie (Ossuary)
  A hobgoblin zombie (Ossuary)
  18 kobolds
  4 kobold zombies (Ossuary)
  A leopard gecko skeleton (D:4)
  An orc zombie (Ossuary)
  11 rats
  4 briar patches (Swamp:1)
  3 fungi (Lair:6)
  3 plants (Lair:6)
1002 creatures vanquished.

Vanquished Creatures (collateral kills)
  Asterion (Elf:1)
  An imperial myrmidon (Desolation)
  An orc warlord (D:10)
  An angel (Elf:2)
  A halazid warlock (Desolation)
  4 ragged hierophants (Desolation)
  2 hydras (Swamp:3)
  2 servants of whispers (Desolation)
  Erica (D:10)
  A death yak (D:10)
  An orc knight (D:10)
  2 guardian serpents (Desolation)
  2 ice statues (IceCv)
  3 saltlings (Desolation)
  3 fire elementals (Elf:1)
  A harpy simulacrum (IceCv)
  A jelly (Gauntlet)
28 creatures vanquished.

Vanquished Creatures (others)
  A centaur warrior (D:14)
  A deep elf knight (Elf:1)
  A yaktaur (D:15)
  A tyrant leech (Swamp:4)
  A swamp worm (Swamp:3)
  3 swamp drakes (Swamp:4)
  3 centaurs
  A big kobold (D:8)
  A worker ant (D:8)
  An orc (D:8)
  5 kobolds (D:8)
  A bush (Lair:3)
  10 demonic plants (Gauntlet)
  13 fungi
  44 plants
87 creatures vanquished.

Grand Total: 1117 creatures vanquished

Notes
Turn   | Place    | Note
-------+----------+-------------------------------------------
     0 | D:1      | ernesto the Hill Orc Fighter began the quest for the Orb.
     0 | D:1      | Reached XP level 1. HP: 19/19 MP: 1/1
    69 | D:1      | Reached skill level 4 in Fighting
    69 | D:1      | Reached XP level 2. HP: 14/27 MP: 2/2
   359 | D:1      | Reached XP level 3. HP: 31/34 MP: 3/3
   959 | D:2      | Reached XP level 4. HP: 17/41 MP: 4/4
  1617 | D:2      | Reached skill level 5 in Fighting
  1849 | D:3      | Found a bloodstained altar of Trog.
  1872 | D:3      | Found a sparkling altar of Nemelex Xobeh.
  2425 | D:4      | Reached skill level 5 in Axes
  2510 | D:4      | Reached XP level 5. HP: 48/48 MP: 5/5
  2517 | D:4      | Found a shattered altar of Ashenzari.
  2568 | D:4      | Noticed an ice beast
  2580 | D:4      | Killed an ice beast
  2580 | D:4      | Reached skill level 6 in Fighting
  2663 | D:4      | Reached XP level 6. HP: 54/57 MP: 6/6
  3254 | D:5      | Entered Level 5 of the Dungeon
  3289 | D:5      | Reached skill level 5 in Armour
  3443 | D:5      | Reached skill level 7 in Fighting
  3443 | D:5      | Reached XP level 7. HP: 66/66 MP: 7/7
  3445 | D:5      | Found an iron altar of Okawaru.
  3630 | D:5      | Found a staircase to the Ecumenical Temple.
  3635 | Temple   | Entered the Ecumenical Temple
  4088 | D:5      | Reached skill level 8 in Fighting
  4409 | D:5      | Reached XP level 8. HP: 59/74 MP: 8/8
  4859 | D:6      | Found a burning altar of Makhleb.
  4862 | D:6      | Became a worshipper of Makhleb the Destroyer
  5003 | D:6      | Noticed Blork the orc
  5013 | D:6      | Killed Blork the orc
  5179 | D:6      | Found a sand-covered staircase.
  5184 | Ossuary  | Entered an ossuary
  5184 | Ossuary  | Noticed a wraith
  5184 | Ossuary  | Noticed a wraith
  5184 | Ossuary  | Noticed a wraith
  5349 | Ossuary  | Noticed a wraith
  5380 | Ossuary  | Killed a wraith
  6670 | D:7      | Reached * piety under Makhleb
  6873 | D:7      | Reached skill level 9 in Fighting
  6873 | D:7      | Reached XP level 9. HP: 39/83 MP: 9/9
  6879 | D:7      | Reached skill level 5 in Shields
  7237 | D:7      | Reached skill level 1 in Invocations
  7472 | D:7      | Noticed Menkaure
  7485 | D:7      | Killed Menkaure
  7913 | D:8      | Found a hide-covered altar of Uskayaw.
  7951 | D:8      | Reached skill level 10 in Fighting
  7962 | D:8      | Found a radiant altar of Vehumet.
  8269 | D:8      | Reached skill level 5 in Invocations
  8976 | D:8      | Reached ** piety under Makhleb
  9010 | D:8      | Found an ancient bone altar of Kikubaaqudgha.
  9177 | D:9      | Reached skill level 11 in Fighting
  9306 | D:9      | Reached XP level 10. HP: 88/95 MP: 14/14
  9909 | D:9      | Reached skill level 12 in Fighting
 10262 | D:9      | Identified the +4 chain mail of Omission {+Inv Regen+
                  | Dex+3}
 10439 | D:9      | Found a shadowy altar of Dithmenos.
 10526 | D:9      | Noticed a two-headed ogre
 10544 | D:9      | Killed a two-headed ogre
 10544 | D:9      | Reached skill level 10 in Axes
 10546 | D:9      | Reached XP level 11. HP: 26/105 MP: 15/15
 11378 | D:9      | Reached *** piety under Makhleb
 11865 | D:10     | Entered Level 10 of the Dungeon
 12174 | D:10     | Noticed Josephine
 12286 | D:10     | Reached skill level 13 in Fighting
 12398 | D:10     | Noticed Erica
 12460 | D:9      | Noticed Maurice
 12484 | D:9      | Reached **** piety under Makhleb
 12505 | D:9      | Killed Maurice
 12661 | D:10     | Killed Erica
 12661 | D:10     | Reached skill level 10 in Armour
 12956 | D:10     | Found a staircase to the Orcish Mines.
 13183 | D:10     | Killed Josephine
 13695 | Orc:1    | Entered Level 1 of the Orcish Mines
 13864 | Orc:1    | Noticed an orc knight
 13939 | D:10     | Killed an orc knight
 14182 | Orc:1    | Noticed an orc warlord
 14749 | D:11     | Found Hopuod's Armour Boutique.
 14749 | D:11     | Noticed a two-headed ogre
 14758 | D:11     | Killed a two-headed ogre
 14758 | D:11     | Reached XP level 12. HP: 82/116 MP: 19/19
 15041 | D:11     | Reached skill level 14 in Fighting
 15098 | D:11     | Found Tafeuts's Food Shoppe.
 15167 | D:11     | Found Deekludghoa's Jewellery Boutique.
 15174 | D:11     | D11 ring shop
 15175 | D:11     | Noticed a death yak
 15220 | D:11     | Killed a death yak
 15220 | D:11     | Reached skill level 10 in Invocations
 15220 | D:11     | Reached skill level 1 in Evocations
 15284 | D:11     | Noticed a death yak
 15285 | D:11     | Noticed a death yak
 15326 | D:10     | Killed a death yak
 15340 | D:11     | Killed a death yak
 15668 | D:11     | Bought an uncursed ring of protection from magic for 375
                  | gold pieces
 15673 | D:11     | Found a staircase to the Lair.
 15884 | D:11     | Found Mogaiga's Jewellery Emporium.
 15918 | D:11     | Noticed a two-headed ogre
 15921 | D:11     | Noticed a death knight
 15934 | D:11     | Noticed a four-headed hydra
 16745 | D:11     | Killed a two-headed ogre
 16745 | D:11     | Reached skill level 1 in Maces & Flails
 17078 | D:11     | Bought an uncursed ring of poison resistance for 300 gold
                  | pieces
 17091 | Lair:1   | Entered Level 1 of the Lair of Beasts
 17395 | Lair:1   | Identified a scroll of acquirement
 17659 | Lair:1   | Found an ornate altar of the Wu Jian Council.
 17762 | Lair:1   | Noticed a seven-headed hydra
 17770 | Lair:1   | Killed a seven-headed hydra
 18029 | Lair:2   | Found a gate leading to a gauntlet.
 18049 | Gauntlet | Entered a Gauntlet
 18049 | Gauntlet | Found a transporter.
 18049 | Gauntlet | Found a transporter.
 18049 | Gauntlet | Found a transporter.
 18053 | Gauntlet | Found a transporter.
 18055 | Gauntlet | Found a transporter.
 18091 | Gauntlet | Found a transporter.
 18102 | Gauntlet | Noticed a death ooze
 18117 | Gauntlet | Found a transporter.
 18117 | Gauntlet | Noticed a death ooze
 18130 | Gauntlet | Found a transporter.
 18138 | Gauntlet | Found a transporter.
 18155 | Gauntlet | Found a transporter.
 18163 | Gauntlet | Found a transporter.
 18180 | Gauntlet | Found a transporter.
 18275 | Gauntlet | Identified a +0 pair of boots of running (You found it in a
                  | Gauntlet)
 18319 | Gauntlet | Killed a death ooze
 18319 | Gauntlet | Reached skill level 5 in Maces & Flails
 18349 | Gauntlet | Reached skill level 15 in Fighting
 18349 | Gauntlet | Reached XP level 13. HP: 128/128 MP: 20/20
 18373 | Gauntlet | Identified the +0 shield of Wipto {rPois MR+ Str+2 Stlth+}
 18373 | Gauntlet | Identified the ring of Fikkeuhi {rCorr *Contam rPois rC+
                  | Int+3}
 18373 | Gauntlet | Noticed a minotaur
 18420 | Gauntlet | Killed a minotaur
 18565 | Gauntlet | Reached XP level 14. HP: 94/136 MP: 21/21
 19929 | Lair:3   | Found a sparkling altar of Nemelex Xobeh.
 20370 | Lair:3   | Reached skill level 10 in Shields
 20499 | Lair:3   | Reached ***** piety under Makhleb
 20591 | Lair:3   | Found the +8 whip "Snakebite" {curare, rPois}
 20721 | Lair:3   | Found a staircase to the Snake Pit.
 22525 | Lair:4   | Reached skill level 16 in Fighting
 22546 | Lair:4   | Found a staircase to the Swamp.
 23246 | Lair:6   | Entered Level 6 of the Lair of Beasts
 23527 | Lair:6   | Found a staircase to the Slime Pits.
 23931 | Lair:5   | Reached XP level 15. HP: 123/145 MP: 23/23
 25285 | D:10     | Killed an orc warlord
 26045 | Orc:2    | Entered Level 2 of the Orcish Mines
 26126 | Orc:1    | Reached ****** piety under Makhleb
 26271 | Orc:2    | Found a staircase to the Elven Halls.
 27018 | Orc:2    | Found Tysoefoz's Food Emporium.
 27018 | Orc:2    | Found Goskeigu's Armour Shop.
 27020 | Orc:2    | Found Monunu's Weapon Boutique.
 27022 | Orc:2    | Found Qasaa's Gadget Shoppe.
 27095 | Orc:2    | !! O2 Crystal Plate
 27095 | Orc:2    | !! O2 +7 Plate rN
 27547 | D:11     | Bought a +6 amulet of reflection for 936 gold pieces
 27623 | D:12     | Found a white marble altar of Elyvilon.
 28593 | D:13     | Reached skill level 17 in Fighting
 28775 | D:13     | Found a gate to the Vaults.
 29538 | D:13     | Reached XP level 16. HP: 151/155 MP: 25/25
 29880 | D:15     | Entered Level 15 of the Dungeon
 30451 | D:15     | Found a staircase to the Depths.
 31169 | Swamp:1  | Entered Level 1 of the Swamp
 31250 | Swamp:1  | Found a runed translucent door.
 31251 | Swamp:1  | Identified the +5 spear "Hydra's Doom" {pierce, rN+ Int+6
                  | Stlth-}
 31252 | Swamp:1  | Noticed P0WERM0DE's ghost (journeyman DDFi)
 31263 | Swamp:1  | Found a frozen archway.
 31264 | Swamp:1  | Noticed a thorn hunter
 31273 | Swamp:1  | Killed a thorn hunter
 31278 | Swamp:1  | Noticed Louise
 31304 | Swamp:1  | Killed Louise
 31315 | IceCv    | Entered an ice cave
 31403 | IceCv    | Reached skill level 15 in Shields
 31957 | Swamp:1  | Identified the ring "Telaish" {Fire +Fly Int+4 Dex+3}
 32164 | Swamp:1  | Noticed Frances
 32224 | Swamp:1  | Killed Frances
 32240 | Swamp:1  | Noticed Jorgrun
 32330 | Swamp:1  | Killed Jorgrun
 32602 | Swamp:1  | Noticed a thorn hunter
 32620 | Swamp:1  | Killed a thorn hunter
 33001 | Swamp:2  | Got a warped ruby amulet
 33002 | Swamp:2  | Identified the amulet "Ofyag" {Gourm rPois rF+ Str+2 Int+4}
                  | (You found it on level 2 of the Swamp)
 34310 | Swamp:2  | Reached XP level 17. HP: 137/161 MP: 26/26
 34310 | Swamp:2  | Paralysed by a hornet for 1 turns
 35221 | Swamp:4  | Entered Level 4 of the Swamp
 35549 | Swamp:3  | Reached skill level 15 in Armour
 35765 | Swamp:3  | Reached skill level 10 in Maces & Flails
 37100 | Swamp:4  | Got a decaying rune of Zot
 37543 | Elf:1    | Entered Level 1 of the Elven Halls
 37543 | Elf:1    | Found Cathynki's Antique Armour Boutique.
 37679 | Elf:1    | Noticed Asterion
 37700 | Elf:1    | Killed Asterion
 37750 | Elf:1    | Noticed Azrael
 37763 | Elf:1    | Killed Azrael
 37953 | Elf:1    | Identified Kikubaaqudgha's Volume of Necromancy
 38051 | Elf:1    | Noticed Agnes
 38062 | Elf:1    | Killed Agnes
 38218 | Elf:1    | Reached XP level 18. HP: 171/171 MP: 27/27
 38276 | Elf:1    | Identified Qarphokk's Catalogue of Quantum Transmutation
 38524 | Elf:1    | Reached skill level 18 in Fighting
 38719 | Elf:2    | Found Nibiqit's Magic Scroll Shop.
 38768 | Elf:2    | Found a ruined gateway.
 38916 | Elf:2    | Found a white marble altar of Elyvilon.
 38916 | Elf:2    | Found a glowing silver altar of Zin.
 38917 | Elf:2    | Found a glowing golden altar of the Shining One.
 38923 | Desolati | Entered the Desolation of Salt
 38962 | Desolati | Identified the cursed ring of Ymi Notu {rC+ Str-3}
 38991 | Desolati | Got a crude iron ring
 38992 | Desolati | Identified the ring "Cacrozug" {rN+ Dex+6} (You found it in
                  | the Desolation of Salt)
 39148 | Desolati | Identified the +9 flail of Laceration {speed, rElec}
 39251 | Desolati | Killed from afar by a servant of whispers

Skill      XL: |  1  2  3  4  5  6  7  8  9 10 11 12 13 14 15 16 17 18 |
---------------+-------------------------------------------------------+-----
Axes           | 3 4 5 8 10 11 12 13 14 | 14.7
Fighting       | 4 5 6 7 8 9 11 12 13 15 16 17 18 | 18.6
Armour         | 4 5 6 7 9 10 11 14 16 17 | 17.1
Shields        | 4 5 7 8 12 13 15 | 15.0
Invocations    | 6 9 10 11 13 | 13.2
Evocations     | 2 |  2.1
Maces & Flails | 5 8 11 | 11.2

Action                   |  1- 3 |  4- 6 |  7- 9 | 10-12 | 13-15 | 16-18 || total
-------------------------+-------+-------+-------+-------+-------+-------++-------
Melee: War axe           |   129 |   172 |   459 |   961 |  1228 |       ||  2949
       Halberd           |       |       |       |    24 |       |       ||    24
       Flail             |       |       |       |     9 |    33 |       ||    42
       Morningstar       |       |       |       |     3 |   101 |   114 ||   218
       Broad axe         |       |       |       |       |   282 |  1025 ||  1307
       Eveningstar       |       |       |       |       |       |    92 ||    92
Invok: Minor Destruction |       |       |       |     2 |       |     1 ||     3
       Lesser Servant of |       |       |       |     7 |     4 |     1 ||    12
       Major Destruction |       |       |       |     3 |     2 |     1 ||     6
       Greater Servant o |       |       |       |       |       |     7 ||     7
 Abil: Evoke Invisibilit |       |       |       |       |     4 |     2 ||     6
Evoke: Wand              |       |       |       |       |       |     1 ||     1
  Use: Scroll            |       |    11 |    10 |    10 |     7 |    12 ||    50
       Potion            |       |       |     6 |     5 |       |     4 ||    15
 Stab: Distracted        |       |       |       |     1 |     2 |     2 ||     5
       Invisible         |       |       |       |       |     9 |     3 ||    12
  Eat: Chunk             |       |     7 |    19 |    36 |    30 |    19 ||   111
       Ration            |       |     1 |     2 |       |     1 |     4 ||     8
Armor: Scale mail        |    70 |    74 |   181 |    56 |       |       ||   381
       Chain mail        |       |       |       |   359 |   649 |   600 ||  1608
Dodge: Dodged            |    41 |    54 |   125 |   307 |   335 |   280 ||  1142
Block: Shield            |    83 |    90 |   228 |   186 |  1072 |  1136 ||  2795
       Buckler           |       |       |       |   254 |       |       ||   254
       Reflection        |       |       |       |     9 |    26 |    59 ||    94
